 Dungeon Crawl Stone Soup version 0.24.0-125-gc4c63601f3 (webtiles) character file.

Game seed: 12144384349418985909, levelgen mode: deterministic

172 Divind the Shield-Bearer (level 5, -1/42 HPs)
             Began as a Formicid Fighter on Mar 6, 2020.
             Was a Follower of Jiyva.
             Succumbed to Duvessa's poison
             ... on level 4 of the Dungeon.
             The game lasted 00:04:42 (1454 turns).

Divind the Shield-Bearer (Formicid Fighter)         Turns: 1454, Time: 00:04:42

Health: -1/42      AC:  7    Str: 26    XL:     5   Next: 82%
Magic:  5/5        EV:  9    Int:  7    God:    Jiyva [*.....]
Gold:   102        SH: 10    Dex: 11    Spells: 4/4 levels left

rFire    + . .     SeeInvis +   a - +0 long sword
rCold    . . .     Gourm    .   c - +0 shield
rNeg     . . .     Faith    .   b - +0 scale mail
rPois    .         Spirit   .   (helmet unavailable)
rElec    .         Reflect  .   (no cloak)
rCorr    .         Harm     .   (no gloves)
MR       .....                  (no boots)
Stlth    ..........             e - amulet of rage
HPRegen  0.14/turn              j - ring of protection from fire
MPRegen  0.09/turn              q - +3 ring of slaying

@: mighty, lethally poisoned (-1 -> -23)
A: permanent stasis, dig shafts and tunnels, four strong arms, antennae 3
a: Dig, Shaft Self, Request Jelly, Renounce Religion


You were on level 4 of the Dungeon.
You worshipped Jiyva.
Jiyva was aware of your devotion.
You were not hungry.

You visited 1 branch of the dungeon, and saw 4 of its levels.

You collected 102 gold pieces.

Inventory:

Hand Weapons
 a - a +0 long sword (weapon)
Armour
 b - a +0 scale mail (worn)
 c - a +0 shield (worn)
Jewellery
 e - an amulet of rage (around neck)
 j - a ring of protection from fire (left hand)
 q - a +3 ring of slaying (right hand)
Wands
 o - a wand of scattershot (7)
Scrolls
 i - a scroll of remove curse {unknown}
 n - a scroll of identify {unknown}
 r - a scroll of fog {unknown}
Potions
 g - a potion of curing {unknown}
 h - 2 potions of degeneration {unknown}
 k - 5 potions of heal wounds {unknown}
 l - a potion of lignification {unknown}
 m - a potion of invisibility {unknown}
Comestibles
 f - 6 rations
 p - a chunk of flesh


   Skills:
 + Level 4.0 Fighting
 + Level 3.2 Long Blades
 + Level 4.4 Armour
 + Level 0.9 Dodging
 + Level 0.3 Stealth
 + Level 4.6 Shields


You had 4 spell levels left.
You didn't know any spells.
Your spell library was empty.

Dungeon Overview and Level Annotations

Branches:
Dungeon (4/15)
 Temple: D:4-7

Altars:
Ashenzari
Dithmenos
Jiyva

Annotations:
D:4 Dowan, Duvessa


Innate Abilities, Weirdness & Mutations

You cannot be hasted, slowed, berserked, paralysed or teleported.
You can dig through walls and to a lower floor.
Your four strong arms can wield two-handed weapons with a shield.
You have a pair of large antennae on your head. (SInv)


Message History

Duvessa is lightly wounded.
* * * LOW HITPOINT WARNING * * *
You feel sick. You block Dowan's attack. You block Duvessa's attack.
Dowan hits you but does no damage.
You feel very mighty all of a sudden.
* * * LOW HITPOINT WARNING * * *
You feel sick. Duvessa hits you but does no damage.
Dowan hits you but does no damage.
You slash Duvessa!
Duvessa is heavily wounded.
* * * LOW HITPOINT WARNING * * *
You feel sick.
Duvessa hits you with a +0 short sword of venom!
* * * LOW HITPOINT WARNING * * *
You are more poisoned.
Dowan says, "My weaknesses are her strengths!"
Dowan misses you.
You riposte.
You barely miss Dowan. You slash Duvessa!
Duvessa is severely wounded.
You die...

..........................
§..........#....##...##.#.
.§.........##....##..####..
..§..............##........
_§§..........(...#.........
..§.!.................###..
#.§........................
#.§...............##.......
#.....#..@#........#...###
##.##.).ee#........#....# #
#..##.##..............
##.....#...........#..
#.....................
##...............###..
##...............#
##...........#..#.
##..............#


You could see Duvessa and Dowan.

Vanquished Creatures
  An ogre (D:4)
  2 worker ants
  A dart slug (D:1)
  2 leopard geckos (D:1)
  5 bats
  4 giant cockroaches (D:1)
  2 goblins
  5 hobgoblins
  2 jackals (D:4)
  3 kobolds
  A quokka (D:3)
  4 rats
32 creatures vanquished.

Vanquished Creatures (others)
  A worm (D:3)
  A leopard gecko (D:3)
2 creatures vanquished.

Grand Total: 34 creatures vanquished

Notes
Turn   | Place    | Note
-------+----------+-------------------------------------------
     0 | D:1      | Divind the Formicid Fighter began the quest for the Orb.
     0 | D:1      | Reached XP level 1. HP: 18/18 MP: 1/1
    86 | D:1      | Reached XP level 2. HP: 17/24 MP: 2/2
   283 | D:1      | Reached XP level 3. HP: 24/30 MP: 3/3
   525 | D:2      | You fall into a shaft and drop 1 floor!
   596 | D:3      | Found a faded altar of an unknown god.
   618 | D:3      | Became a worshipper of Jiyva Jubeppap the Shapeless
   618 | D:3      | Reached * piety under Jiyva
   735 | D:3      | Found a shattered altar of Ashenzari.
   935 | D:3      | Reached XP level 4. HP: 29/37 MP: 4/4
  1383 | D:4      | Found a shadowy altar of Dithmenos.
  1404 | D:4      | Noticed an ogre
  1413 | D:4      | Killed an ogre
  1413 | D:4      | Reached XP level 5. HP: 30/42 MP: 5/5
  1442 | D:4      | Noticed Duvessa
  1446 | D:4      | Noticed Dowan
  1453 | D:4      | HP: 2/42 [Duvessa/+0 short sword of venom (7)]
  1454 | D:4      | Succumbed to Duvessa's poison

Levels and vault maps discovered:
D:1:      lemuel_arrival_rhombus, layout_rooms, minmay_fountain_box
D:2:      layout_loops_ring, first_ration
D:3:      layout_basic, overflow_temple_1_default,
          chequers_ecumenical_altar_island
D:4:      layout_cave_pools, fedhas_altar_3, grunt_dithmenos_smoke,
          kennysheep_generic_room_5, uniq_duvessa

Skill      XL: |  1  2  3  4 |
---------------+-------------+-----
Shields        | 4 |  4.6
Armour         | 4 |  4.4
Fighting       | 4 |  4.0
Long Blades    | 3 |  3.2
Dodging        | |  0.9
Stealth        | |  0.3

Action                   |  1- 3 |  4- 6 || total
-------------------------+-------+-------++-------
Melee: Long sword        |    78 |    26 ||   104
Invok: Request Jelly     |       |     1 ||     1
 Abil: Shaft Self        |     1 |       ||     1
  Use: Potion            |       |     2 ||     2
  Eat: Chunk             |       |     2 ||     2
Armor: Scale mail        |    55 |     9 ||    64
Dodge: Dodged            |    37 |     8 ||    45
Block: Shield            |    61 |    16 ||    77
       Rpst.: Long sword |    13 |     2 ||    15
